 Dungeon Crawl Stone Soup version 0.28.0-47-ge53b351184 (webtiles) character file.

Game seed: 84872142478523247

1081 Peloso the Slasher (level 8, -4/68 HPs)
             Began as a Minotaur Fighter on Apr 29, 2022.
             Was a Follower of Okawaru.
             Slain by an orc warrior
             ... wielding a +2 dire flail of pain
              (18 damage)
             ... on level 6 of the Dungeon.
             The game lasted 00:07:52 (4726 turns).

Peloso the Slasher (Minotaur Fighter)               Turns: 4726, Time: 00:07:53

Health: -4/68      AC:  7    Str: 28    XL:     8   Next: 8%
Magic:  6/7        EV: 10    Int:  5    God:    Okawaru [*.....]
Gold:   224        SH: 12    Dex: 17    Spells: 7/7 levels left

rFire   + + +      SeeInvis .   b - +9 trident "Liedaame" {flame, Fly rF+ rC+}
rCold   + + +      Faith    .   d - +2 shield of Resistance {rF++ rC++ Will++}
rNeg    . . .      Spirit   .   i - +1 ring mail of the Accordion {Dex+6}
rPois   .          Reflect  .   (helmet restricted)
rElec   .          Harm     .   (no cloak)
rCorr   .          Rampage  .   (no gloves)
Will    ++...                   (no boots)
Stlth   +.........              (no amulet)
HPRegen 0.21/turn               j - +6 ring of strength
MPRegen 0.10/turn               (no ring)

@: flying
A: horns 2, retaliatory headbutt
a: Renounce Religion, Heroism


You were on level 6 of the Dungeon.
You worshipped Okawaru.
Okawaru was aware of your devotion.
You visited 2 branches of the dungeon, and saw 7 of its levels.

You collected 224 gold pieces.

Inventory:

Hand Weapons
 a - a +0 long sword
 b - the +9 trident "Liedaame" (weapon) {flame, Fly rF+ rC+}
   (You found it on level 5 of the Dungeon)

   It burns those it strikes, dealing additional fire damage.
   rF:        It protects you from fire.
   rC:        It protects you from cold.
   Fly:       It grants you flight.
Armour
 c - a +0 buckler
 d - the +2 shield of Resistance (worn) {rF++ rC++ Will++}
   (You acquired it on level 1 of the Dungeon)

   rF:        It greatly protects you from fire.
   rC:        It greatly protects you from cold.
   Will:      It greatly increases your willpower.
 i - the +1 ring mail of the Accordion (worn) {Dex+6}
   (You found it on level 2 of the Dungeon)

   Dex:       It affects your dexterity (+6).
Jewellery
 j - a +6 ring of strength (left hand)
Wands
 k - a wand of charming (7)
 r - a wand of paralysis (6)
Scrolls
 f - a scroll of fear
 g - 2 scrolls of enchant armour {unknown}
 n - a scroll of teleportation
 q - a scroll of holy word
 s - a scroll of enchant weapon {unknown}
 t - a scroll of vulnerability {unknown}
Potions
 e - a potion of might
 h - 2 potions of flight {unknown}
 l - a potion of brilliance {unknown}
 m - 7 potions of curing {unknown}
 o - a potion of lignification {unknown}
 p - a potion of heal wounds {unknown}


   Skills:
 + Level 5.2 Fighting
 + Level 6.7 Long Blades
 + Level 1.9 Polearms
 + Level 6.2 Armour
 + Level 2.6 Dodging
 + Level 1.0 Stealth
 + Level 6.4 Shields


You had 7 spell levels left.
You didn't know any spells.
Your spell library contained the following spells:

 Spells                   Type           Power      Damage    Failure   Level
 Inner Flame              Hex/Fire       0%         N/A       99%         3
 Cause Fear               Hex            0%         N/A       100%        4
 Discord                  Hex            0%         N/A       100%        8


Dungeon Overview and Level Annotations

Branches:
Dungeon (6/15)             Temple (1/1) D:5

Altars:
Ashenzari
Cheibriados
Dithmenos
Elyvilon
Fedhas
Hepliaklqana
Kikubaaqudgha
Makhleb
Nemelex Xobeh
Okawaru
Qazlal
Ru
Sif Muna
Trog
Uskayaw
Vehumet
Xom
Yredelemnul
Zin

Shops:
D:3 [


Innate Abilities, Weirdness & Mutations

You have a pair of horns on your head.
You reflexively headbutt those who attack you in melee.


Message History

You hit the orc. You burn the orc.
You kill the orc!
Okawaru accepts your kill.
The orc warrior hits you with a +2 dire flail of pain!!
You writhe in agony.
You block the orc warrior's attack.
You puncture the orc! You burn the orc.
You kill the orc!
Okawaru accepts your kill.
The centaur wields a +0 shortbow.
The centaur shoots an arrow.
The arrow barely misses you. The orc wizard casts a spell at you.
The puff of flame hits you. You resist. You block the orc warrior's attack.
The centaur shoots an arrow.
The arrow hits you.
You gain the combat prowess of a mighty hero.
The orc warrior hits you with a +2 dire flail of pain.
You block the orc wizard's attack. You block the orc warrior's attack.
The centaur shoots an arrow.
The arrow hits you!
There is a shimmering altar of Xom, spattered with blood here.
The centaur shoots an arrow.
You block the arrow. You block the orc warrior's attack.
Found a hide-covered altar of Uskayaw.
You closely miss the orc warrior. You block the orc warrior's attack.
You hit the orc warrior but do no damage.
The orc warrior hits you with a +2 dire flail of pain!
* * * LOW HITPOINT WARNING * * *
You writhe in agony.
* * * LOW HITPOINT WARNING * * *
You puncture the orc warrior! You burn the orc warrior.
The orc warrior is heavily wounded.
You feel like a meek peon again. You block the orc warrior's attack.
You closely miss the orc warrior.
The orc warrior is heavily wounded.
The orc warrior misses you.
You hit the orc warrior but do no damage.
You headbutt the orc warrior.
The orc warrior is severely wounded.
The orc warrior hits you but does no damage.
The orc warrior hits you with a +2 dire flail of pain!!
You die...

.....!..# #+#+# ...
....####.#.#
...###.......#.#####
................)..#
...................#
....................
.............#.###.
.............#...#
.............###@#
...............#o#.#.#.
)............_..c!$...._
..........)....#.#.#.#..
...........).###.#.#
.............# ..# #
.............# ###
..>...........
...............


You could see an orc warrior and a centaur.

Vanquished Creatures
  A sky beast (D:5)
  A black bear (D:5)
  An ogre (D:5)
  A phantom (D:4)
  2 scorpions (D:5)
  A water moccasin zombie (D:6)
  A wyvern skeleton (D:5)
  A water moccasin skeleton (D:5)
  A centaur zombie (D:6)
  2 hounds (D:5)
  A jelly (D:4)
  Ijyb (D:5)
  Jessica (D:2)
  An iguana (D:4)
  Natasha (thrice) (D:2)
  7 adders
  A shadow imp (D:4)
  A white imp (D:5)
  An ufetubus (D:5)
  An adder skeleton (D:4)
  9 worms
  3 dart slugs
  3 orcs
  6 endoplasms
  2 giant cockroaches (D:1)
  5 goblins
  3 hobgoblins
  19 jackals
  4 quokkas
  5 ball pythons
  6 bats (D:1)
  A frilled lizard (D:2)
  9 kobolds
  4 rats
109 creatures vanquished.

Notes
Turn   | Place    | Note
-------+----------+-------------------------------------------
     0 | D:1      | Peloso the Minotaur Fighter began the quest for the Orb.
     0 | D:1      | Reached XP level 1. HP: 19/19 MP: 0/0
    42 | D:1      | Reached XP level 2. HP: 14/27 MP: 1/1
   235 | D:1      | Found a faded altar of an unknown god.
   620 | D:1      | Reached XP level 3. HP: 31/33 MP: 2/2
   913 | D:1      | Identified a scroll of acquirement
   922 | D:1      | Acquired the +2 shield of Resistance {rF++ rC++ Will++}
   922 | D:1      | Found the +2 shield of Resistance {rF++ rC++ Will++}
   993 | D:2      | Noticed Natasha
  1116 | D:2      | Killed Natasha
  1117 | D:2      | Reached XP level 4. HP: 36/40 MP: 3/3
  1163 | D:2      | Noticed Natasha
  1172 | D:2      | Killed Natasha
  1298 | D:2      | Noticed Natasha
  1308 | D:2      | Killed Natasha
  1309 | D:2      | Reached skill level 1 in Dodging
  1309 | D:2      | Reached XP level 5. HP: 28/47 MP: 4/4
  1313 | D:2      | Noticed Jessica
  1314 | D:2      | Found a shimmering blue altar of Sif Muna.
  1326 | D:2      | Killed Jessica
  1449 | D:2      | Identified the +1 ring mail of the Accordion {Dex+6}
  1854 | D:3      | Found Jegiqaun's Antique Armour Emporium.
  1877 | D:3      | Reached skill level 5 in Shields
  2441 | D:4      | Reached skill level 5 in Armour
  2605 | D:4      | Found a stormy altar of Qazlal.
  3057 | D:4      | Reached XP level 6. HP: 53/53 MP: 5/5
  3155 | D:4      | Found a shadowy altar of Dithmenos.
  3380 | D:5      | Entered Level 5 of the Dungeon
  3400 | D:5      | Reached skill level 5 in Long Blades
  3536 | D:5      | Noticed Ijyb
  3549 | D:5      | Killed Ijyb
  3550 | D:5      | Reached XP level 7. HP: 59/60 MP: 6/6
  3571 | D:5      | Found a staircase to the Ecumenical Temple.
  3640 | Temple   | Entered the Ecumenical Temple
  3768 | Temple   | Became a worshipper of Warmaster Okawaru
  3895 | D:5      | Identified the +9 trident "Liedaame" {flame, Fly rF+ rC+}
  3950 | D:5      | Reached skill level 5 in Fighting
  4015 | D:5      | Reached skill level 1 in Polearms
  4173 | D:5      | Reached * piety under Okawaru
  4341 | D:5      | Identified the +3 broad axe "Beetlebane" {freeze, rElec
                  | rPois rF+++ rC-}
  4613 | D:6      | Reached XP level 8. HP: 55/68 MP: 7/7
  4691 | D:6      | Found a shimmering altar of Xom.
  4696 | D:6      | Reached skill level 1 in Stealth
  4720 | D:6      | Found a hide-covered altar of Uskayaw.
  4726 | D:6      | Slain by an orc warrior

Illustrated notes

Levels and vault maps discovered:
D:1:      erik_arrival_blinker_ship, layout_rooms, ebering_ecumenical_altar_mist
D:2:      layout_rooms, basic_altar, uniq_jessica, uniq_natasha
D:3:      layout_rooms, serial_shops, shop, nicolae_wormholes
D:4:      layout_loops_corners, grunt_qazlal_sundering,
          nicolae_dithmenos_through_a_glass_darkly
D:5:      layout_basic, minmay_temple_entry_glass, solitary_fountain,
          kennysheep_donut, serial_bayou_pond_d, grunt_ministairs_9, uniq_ijyb
D:6:      layout_basic, lemuel_coloured_pillars_altar,
          mainiacjoe_overflow_large_starburst, serial_bayou_pond_c
Temple:   eino_temple_rhombus

Skill      XL: |  1  2  3  4  5  6  7  8 |
---------------+-------------------------+-----
Armour         | 4 5 6 |  6.2
Fighting       | 4 5 |  5.2
Shields        | 4 5 6 |  6.4
Long Blades    | 3 4 5 6 |  6.7
Dodging        | 1 2 |  2.6
Polearms       | 1 |  1.9
Stealth        | 1 |  1.0

Action                   |  1- 3 |  4- 6 |  7- 9 || total
-------------------------+-------+-------+-------++-------
Melee: Long sword        |    65 |   134 |    16 ||   215
       Headbutt          |     5 |    19 |    11 ||    35
       Trident           |       |       |    45 ||    45
Invok: Heroism           |       |       |     1 ||     1
  Use: Scroll            |     1 |     4 |       ||     5
Armor: Scale mail        |    69 |    13 |       ||    82
       Ring mail         |       |    19 |    15 ||    34
Dodge: Dodged            |    48 |    40 |    25 ||   113
Block: Buckler           |    25 |       |       ||    25
       Kite shield       |    19 |    73 |    41 ||   133
